cohdb
Replays
Latest Replays
All Replays
Popular Replays
Top Player Replays
Match Explorer
How It Works
Community
CoH3 Stats
Reddit
Sign in to upload your games and track your stats! →
Sign in with Steam
Match 44258230
Unlisted
Match 44258230
Overview
Messages
Build Orders
End
Construct Barracks
Riflemen Squad
M1 Mortar Team
Riflemen Squad
M1 Mortar Team
Construct Medical Station
Infantry Support Center
Selects Advanced Infantry Battlegroup
Selects Convert to Ranger Squad
Construct Weapon Support Center
Construct Weapon Support Center
Convert to Ranger Squad
M3 Armored Personnel Carrier
Advanced Logistics
Selects Designate Assault Position
Convert to Ranger Squad
Bish Bash Bosh
Zoomer
gicobiwolfe
MoriMusic
streetek1
Ares
Douzer
VeldrinArmy
0
0
Comments
sign in to comment!
No comments posted yet!